 Dungeon Crawl Stone Soup version 0.19.4-10-g532645f (console) character file.

483 Grinner the Ruffian (level 6, -8/53 HPs)
             Began as a Troll Monk on Feb 23, 2017.
             Mangled by a gnoll
             ... wielding a +0 halberd
              (16 damage)
             ... on level 3 of the Dungeon.
             The game lasted 00:05:04 (1650 turns).

Grinner the Ruffian (Troll Monk)                    Turns: 1650, Time: 00:05:04

Health: -8/53      AC:  7    Str: 20    XL:     6   Next: 88%
Magic:  5/5        EV: 15    Int:  6    God:
Gold:   139        SH:  0    Dex: 14    Spells: 0 memorised, 5 levels left

rFire  + . .     SeeInvis .       - Unarmed
rCold  . . .     Gourm    +     a - +0 robe
rNeg   . . .     Faith    .     (no shield)
rPois  +         Spirit   .     (helmet restricted)
rElec  .         Reflect  .     (no cloak)
rCorr  .         Harm     .     (gloves unavailable)
MR     .....                    (boots unavailable)
Stlth  ++........               (no amulet)
                                k - ring of protection from fire
                                i - +5 ring of evasion

@: no status effects
A: unfitting armour, claws 3, slimy green scales 1, fast metabolism 3, frail 1,
gourmand, poison resistance, regeneration 1, shaggy fur 1, tough skin 2
a: no special abilities


You were on level 3 of the Dungeon.
You were very full.

You visited 1 branch of the dungeon, and saw 3 of its levels.

You collected 139 gold pieces.

Inventory:

Armour
 a - a +0 robe (worn)
Jewellery
 i - a +5 ring of evasion (left claw)
 k - a ring of protection from fire (right claw)
Scrolls
 c - a scroll of remove curse
 e - a scroll of identify
 j - a scroll of enchant armour
Potions
 n - a potion of brilliance
Comestibles
 b - 3 bread rations
 f - 3 meat rations


   Skills:
 - Level 2.4 Fighting
 - Level 2.4 Dodging
 - Level 1.0 Stealth
 + Level 7.9 Unarmed Combat


You had 5 spell levels left.
You didn't know any spells.

Dungeon Overview and Level Annotations

Branches:
Dungeon (3/15)

Altars:
Cheibriados
Dithmenos
Gozag
Nemelex Xobeh
Qazlal


Innate Abilities, Weirdness & Mutations

You are too large for most types of armour.
You have claws for hands.
Your metabolism is lightning-fast.
You like to eat raw meat.
Your natural rate of healing is unusually fast.
You are covered in fur. (AC +1)
You have very tough skin. (AC +2)
You are partially covered in slimy green scales. (AC +2)
You are frail. (-10% HP)
Your system is resistant to poisons. (rPois)


Message History

You mangle the gnoll!!
You kill the gnoll!
The jackal barely misses you. The gnoll barely misses you.
The jackal misses you.
A jackal comes into view.
You scratch the gnoll.
The gnoll is heavily wounded.
The jackal closely misses you. The gnoll closely misses you.
The jackal bites you but does no damage.
The gnoll closely misses you. The jackal misses you.
You barely miss the gnoll.
The gnoll is heavily wounded.
The gnoll closely misses you. The jackal misses you.
The jackal bites you but does no damage.
You claw the gnoll!
You kill the gnoll!
The jackal bites you.
* * * LOW HITPOINT WARNING * * *
The gnoll hits you from afar with a halberd!
You die...

#....#)..........#.#
##################.#
...g... #......#
g...... #......#
..... ##'###.# ...
#....#.#
######'###....#.#
#.......)).g.†#+#
#############@#
.....ghh# ≈≈h≈≈≈hh#
≈≈≈≈≈≈≈≈≈ ≈≈h≈≈≈≈≈≈
....P.....
..........
###########


You could see 2 gnolls and 6 jackals.

Vanquished Creatures
  A gnoll sergeant (D:3)
  A gnoll shaman (D:3)
  2 iguanas (D:3)
  22 gnolls (D:3)
  3 adders
  2 oozes (D:3)
  3 worms (D:2)
  2 dart slugs
  3 leopard geckos
  2 orcs (D:3)
  A ball python (D:2)
  6 bats
  6 giant cockroaches
  3 goblins
  3 hobgoblins
  12 jackals
  3 quokkas (D:2)
  11 frilled lizards (D:2)
  8 kobolds
  4 rats
98 creatures vanquished.

Notes
Turn   | Place    | Note
-------+----------+-------------------------------------------
     0 | D:1      | Grinner the Troll Monk began the quest for the Orb.
     0 | D:1      | Reached XP level 1. HP: 22/22 MP: 0/0
    68 | D:1      | Reached XP level 2. HP: 29/29 MP: 1/1
   285 | D:1      | Reached skill level 4 in Unarmed Combat
   511 | D:2      | Reached XP level 3. HP: 34/36 MP: 2/2
   922 | D:2      | Reached XP level 4. HP: 35/44 MP: 3/3
   935 | D:2      | Gained mutation: You are frail. (-10% HP) [potion of mutation]
   935 | D:2      | Gained mutation: You are partially covered in slimy green scales. (AC +2) [potion of mutation]
   935 | D:2      | Gained mutation: Your system is resistant to poisons. (rPois) [potion of mutation]
  1021 | D:2      | Found an opulent altar of Gozag.
  1022 | D:2      | Found a sparkling altar of Nemelex Xobeh.
  1083 | D:3      | Reached skill level 5 in Unarmed Combat
  1118 | D:3      | Found a snail-covered altar of Cheibriados.
  1192 | D:3      | Reached XP level 5. HP: 34/45 MP: 4/4
  1212 | D:3      | Reached skill level 6 in Unarmed Combat
  1238 | D:3      | Found a shadowy altar of Dithmenos.
  1240 | D:3      | Found a stormy altar of Qazlal.
  1398 | D:3      | Reached XP level 6. HP: 12/53 MP: 1/5
  1408 | D:3      | Reached skill level 7 in Unarmed Combat
  1650 | D:3      | Mangled by a gnoll

Skill      XL: |  1  2  3  4  5  6 |
---------------+-------------------+-----
Unarmed Combat | 4 5 6 7 |  7.9
Fighting       | |  2.4
Dodging        | |  2.4
Stealth        | |  1.0

Action                   |  1- 3 |  4- 6 || total
-------------------------+-------+-------++-------
Melee: Unarmed           |   121 |   135 ||   256
       Punch             |       |     1 ||     1
  Use: Potion            |       |     7 ||     7
       Scroll            |       |     3 ||     3
 Stab: Sleeping          |       |     1 ||     1
  Eat: Chunk             |    13 |     7 ||    20
Armor: Robe              |    29 |    31 ||    60
Dodge: Dodged            |   100 |   121 ||   221
